 Dungeon Crawl Stone Soup version 0.30-a0-918-g0ff054e9dc (webtiles) character file.

Game seed: 12203476779369107004

19604 gelatine the Severer (level 12, -2/108 HPs)
             Began as a Minotaur Fighter on Mar 20, 2023.
             Slain by an ice devil (5 damage)
             ... in an ice cave on Mar 21, 2023.
             The game lasted 00:34:31 (12036 turns).

gelatine the Severer (Minotaur Fighter)            Turns: 12036, Time: 00:34:31

Health: -2/108     AC: 17    Str: 38    XL:     12   Next: 38%
Magic:  13/13      EV: 11    Int:  5    God:
Gold:   848        SH:  0    Dex: 10    Spells: 13/13 levels left

rFire   . . .      SeeInvis .    T - +3 battleaxe (freeze)
rCold   + . .      Faith    .    (shield currently unavailable)
rNeg    . . .      Spirit   .    B - +0 plate armour {rC+}
rPois   .          Reflect  .    (helmet restricted)
rElec   .          Rampage  .    e - +0 cloak
rCorr   .                        r - +0 pair of gloves
Will    .....                    (no boots) Stlth
                                 (no amulet)
HPRegen 0.38/turn                w - +6 ring of strength
MPRegen 0.13/turn                q - +6 ring of strength

@: confused, ambrosia-drunk, flying, hasted, invisible, very quick
A: horns 2, retaliatory headbutt, mutation resistance 1
a: no special abilities


You were in an ice cave.
You visited 3 branches of the dungeon, and saw 13 of its levels.
You also visited: Bailey and Ice Cave.

You collected 848 gold pieces.

Inventory:

Hand Weapons
 A - a +5 battleaxe
 P - a +2 war axe
 T - a +3 battleaxe of freezing (weapon)
 W - the +6 dagger "Kimipnir" {drain, Fragile rF+ rCorr SInv}
   (You found it on level 10 of the Dungeon)

   rF:        It protects you from fire.
   SInv:      It lets you see invisible.
   rCorr:     It protects you from acid and corrosion.
   Fragile:   It will be destroyed if unequipped.
Missiles
 K - 6 curare-tipped darts
 M - 6 throwing nets
 N - 5 datura-tipped darts (quivered)
Armour
 e - a +0 cloak (worn)
 r - a +0 pair of gloves (worn)
 x - a +0 troll leather armour
 B - a +0 plate armour of cold resistance (worn)
 Q - +0 steam dragon scales
 Y - a +2 buckler
Magical Staves
 I - a staff of poison
 V - the staff of air "Rezab" {rElec rF- rN+ rCorr Str+3 Int+2}
   (You found it in a bailey)

   [staff of air]

   Base accuracy: +5 Base damage: 5 Base attack delay: 1.2 This weapon's minimum
   attack delay (0.6) is reached at skill level 12.
   It falls into the 'Staves' category.
   It is a one-handed weapon.
Jewellery
 a - a ring of wizardry
 i - a ring of protection from fire
 l - a ring of wizardry
 q - a +6 ring of strength (right hand)
 v - a +6 ring of dexterity
 w - a +6 ring of strength (left hand)
 F - a +4 ring of protection
Wands
 k - a wand of acid (5)
 D - a wand of charming (12)
 E - a wand of polymorph (17)
 X - a wand of mindburst (9)
Scrolls
 f - 5 scrolls of amnesia
 g - 8 scrolls of teleportation
 j - 2 scrolls of fog
 s - 2 scrolls of immolation {unknown}
 u - 2 scrolls of magic mapping
 y - 4 scrolls of noise
 C - 2 scrolls of vulnerability {unknown}
 G - a scroll of blinking {unknown}
 H - 2 scrolls of enchant armour {unknown}
 L - a scroll of summoning {unknown}
 O - 2 scrolls of silence {unknown}
 S - a scroll of fear {unknown}
Potions
 b - 3 potions of attraction
 d - 2 potions of might
 h - 2 potions of berserk rage
 n - 2 potions of magic
 o - 2 potions of cancellation
 p - a potion of curing
 z - 2 potions of mutation
 J - a potion of flight
 R - a potion of brilliance
Miscellaneous
 U - a piece from Xom's chessboard (15/15)


   Skills:
 * Level 10.6 Fighting
 * Level 15.9 Axes
 + Level 4.0 Throwing
 * Level 10.4 Armour
 * Level 7.2 Dodging
 + Level 1.0 Stealth
 * Level 8.4 Shields
 * Level 1.4 Spellcasting
 * Level 1.9 Evocations


You had 13 spell levels left.
You didn't know any spells.
Your spell library contained the following spells:

 Spells                   Type           Power      Damage    Failure   Level
 Magic Dart               Conj           0%         1d3       92%         1
 Sandblast                Erth           0%         2d4       92%         1
 Call Imp                 Summ           0%         N/A       98%         2
 Cigotuvi's Dreadful Rot  Necr/Pois/Air  0%         N/A       98%         2
 Passwall                 Tmut/Erth      0%         N/A       98%         2
 Scorch                   Fire           0%         2d5       98%         2
 Call Canine Familiar     Summ           0%         N/A       100%        3
 Dazzling Flash           Conj/Hex       0%         N/A       100%        3
 Hailstorm                Conj/Ice       0%         3d3       100%        3
 Mephitic Cloud           Conj/Pois/Air  0%         N/A       100%        3
 Ozocubu's Armour         Ice            0%         N/A       100%        3
 Portal Projectile        Hex/Tloc       0%         N/A       100%        3
 Stone Arrow              Conj/Erth      0%         3d7       100%        3
 Animate Armour           Summ/Erth      0%         N/A       100%        4
 Dispel Undead            Necr           0%         3d6       100%        4
 Flame Wave               Conj/Fire      0%         2d4       100%        4
 Ice Form                 Ice/Tmut       0%         N/A       100%        4
 Leda's Liquefaction      Hex/Erth       0%         N/A       100%        4
 Agony                    Necr           0%         N/A       100%        5
 Alistair's Intoxication  Tmut/Pois      0%         N/A       100%        5
 Blade Hands              Tmut           0%         N/A       100%        5
 Lee's Rapid Deconstruct  Erth           0%         3d4*      100%        5
 Metabolic Englaciation   Hex/Ice        0%         N/A       100%        5
 Silence                  Hex/Air        0%         N/A       100%        5
 Death Channel            Necr           0%         N/A       100%        6
 Iron Shot                Conj/Erth      0%         9d1       100%        6
 Simulacrum               Ice/Necr       0%         N/A       100%        6
 Statue Form              Tmut/Erth      0%         N/A       100%        6
 Summon Cactus Giant      Summ           0%         N/A       100%        6
 Dragon Form              Tmut           0%         N/A       100%        7
 Lehudib's Crystal Spear  Conj/Erth      0%         10d2      100%        8


Dungeon Overview and Level Annotations

Branches:
Dungeon (11/15)            Temple (1/1) D:7            Lair (1/5) D:9
    Orc (0/2) D:11         Bailey (visited)           IceCv (1/1)

Altars:
Ashenzari
Cheibriados
Dithmenos
Elyvilon
Fedhas
Gozag
Hepliaklqana
Kikubaaqudgha
Makhleb
Nemelex Xobeh
Okawaru
Qazlal
Ru
Sif Muna
Trog
Uskayaw
Vehumet
Wu Jian
Xom
Yredelemnul
Zin
The Shining One


Innate Abilities, Weirdness & Mutations

You have a pair of horns on your head.
You reflexively headbutt those who attack you in melee.
You are somewhat resistant to further mutation.


Message History

A reaper comes into view.
It is wielding a +2 scythe of freezing and wearing a +0 robe of cold resistance.
You slash the reaper!
The reaper is lightly wounded.
You slash the ice devil!
The ice devil hits you but does no damage.
You hit the reaper but do no damage.
You headbutt the reaper, but do no damage.
The reaper is lightly wounded.
You slice the ice devil!!
You kill the ice devil!
The reaper hits you with a +2 scythe of freezing!!
The reaper freezes you.
It was a potion of cancellation.
You feel magically purged. The ufetubus closely misses you.
The ufetubus barely misses you.
The reaper hits you with a +2 scythe of freezing!
* * * LOW HITPOINT WARNING * * *
The reaper freezes you.
* * * LOW HITPOINT WARNING * * *
It was a potion of ambrosia.
You are confused.
You feel invigorated.
The reaper hits you with a +2 scythe of freezing!!
* * * LOW HITPOINT WARNING * * *
The reaper freezes you.
* * * LOW HITPOINT WARNING * * *
It was a potion of flight.
You feel very buoyant.
You fly up into the air.
The ice devil misses you.
The reaper hits you with a +2 scythe of freezing.
* * * LOW HITPOINT WARNING * * *
You fade into invisibility!
The ice devil hits you but does no damage.
The reaper hits you but does no damage.
You feel yourself speed up. You resist.
* * * LOW HITPOINT WARNING * * *
The ufetubus is engulfed in freezing vapours.
The ice devil hits you!
* * * LOW HITPOINT WARNING * * *
The ice devil freezes you. You resist.
You die...

### ##.## ####
##...## ##..##
##.....# #....##
#......## ##..#..##
##.......# #.###...#
#........#
..####..###....○§2##
..#..##..#.....#@#4.#
.##..)##......##4# #
.#....##....###55#
##....###...# §§#§
#....## #..§#○§§ §
##.#.## #..°#§§° ##
.###..# #..○○§#○
.##...# #.§#☼§§☼
......# ##.##§§


You could see a reaper, an ice devil (unable to see you), a white imp (unable to
see you) and an ufetubus (unable to see you).

Vanquished Creatures
  2 two-headed ogres
  An ugly thing (IceCv)
  A cyclops (D:11)
  A manticore (D:11)
  2 ice statues (IceCv)
  2 gargoyles
  A komodo dragon (D:11)
  A rime drake (Lair:1)
  4 ice devils (IceCv)
  A kobold demonologist (D:11)
  A hornet (D:8)
  2 trolls
  4 shadows
  Eustachio (D:4)
  A vampire (D:11)
  2 wyverns (D:9)
  30 yaks
  5 steam dragons
  3 vampire mosquitoes (D:11)
  2 death yak simulacra (IceCv)
  3 wargs (D:9)
  4 water moccasins
  A sky beast (D:7)
  2 orc warriors
  An ice beast (D:7)
  A black bear (D:7)
  5 wolves (Bailey)
  7 centaurs
  2 ogres
  2 phantoms
  3 kobold brigands
  10 gnoll sergeants
  5 bullfrogs
  A scorpion (D:4)
  A cane toad simulacrum (IceCv)
  2 two-headed ogre simulacra (IceCv)
  8 wights
  3 troll zombies (D:11)
  14 killer bees
  4 howler monkeys (D:9)
  An electric eel (D:9)
  4 jellies
  7 gnoll boudas
  9 orc priests
  6 hounds
  Jessica (D:2)
  3 iguanas
  8 orc wizards
  2 spriggan simulacra (IceCv)
  2 troll simulacra (IceCv)
  Ijyb (D:5)
  5 polar bear simulacra
  A wolf simulacrum (IceCv)
  3 ogre zombies (D:11)
  29 gnolls
  2 naga simulacra (IceCv)
  15 adders
  A shadow imp (D:8)
  4 white imps
  A howler monkey simulacrum (D:11)
  An ufetubus (IceCv)
  2 worms
  5 dart slugs
  52 orcs
  11 endoplasms
  4 giant cockroaches
  16 goblins
  8 hobgoblins
  8 jackals
  10 kobolds
  9 quokkas
  7 ball pythons
  6 bats
  3 frilled lizards
  A goblin skeleton (D:11)
  A goblin zombie (D:11)
  A hobgoblin skeleton (D:11)
  3 hobgoblin zombies (D:11)
  2 orc skeletons (D:11)
  11 orc zombies (D:11)
  3 rats (D:1)
415 creatures vanquished.

Vanquished Creatures (collateral kills)
  A yak (D:11)
1 creature vanquished.

Vanquished Creatures (others)
  A centaur warrior (D:8)
  A bullfrog (D:8)
  An orc wizard (D:8)
  A gnoll (D:8)
  An orc (D:8)
  2 fungi
  2 plants
9 creatures vanquished.

Grand Total: 425 creatures vanquished

Notes
Turn   | Place    | Note
-------+----------+-------------------------------------------
     0 | D:1      | gelatine the Minotaur Fighter began the quest for the Orb.
     0 | D:1      | Reached XP level 1. HP: 19/19 MP: 0/0
   306 | D:1      | Reached XP level 2. HP: 27/27 MP: 1/1
   406 | D:1      | Reached skill level 3 in Axes
   406 | D:1      | Reached XP level 3. HP: 31/33 MP: 2/2
  1038 | D:2      | Reached XP level 4. HP: 40/40 MP: 3/3
  1236 | D:2      | Noticed Jessica
  1240 | D:2      | Killed Jessica
  1241 | D:2      | Reached skill level 4 in Axes
  1290 | D:2      | Found a sparkling altar of Nemelex Xobeh.
  1450 | D:3      | Reached XP level 5. HP: 44/47 MP: 4/4
  1966 | D:4      | Noticed an ogre
  1968 | D:4      | Killed an ogre
  1969 | D:4      | Reached skill level 5 in Axes
  1969 | D:4      | Reached skill level 1 in Dodging
  1990 | D:4      | Reached XP level 6. HP: 51/53 MP: 5/5
  1999 | D:4      | Reached skill level 6 in Axes
  2159 | D:4      | Got Norubo Hygo's Spellbook of Vicissitude and the Glacier
  2526 | D:4      | Noticed Eustachio
  2555 | D:4      | Killed Eustachio
  2556 | D:4      | Reached skill level 5 in Fighting
  2556 | D:4      | Reached skill level 1 in Throwing
  2556 | D:4      | Reached skill level 5 in Armour
  2556 | D:4      | Reached XP level 7. HP: 24/61 MP: 6/6
  2762 | D:4      | Reached skill level 7 in Axes
  2911 | D:5      | Entered Level 5 of the Dungeon
  2960 | D:5      | Reached skill level 5 in Shields
  3032 | D:5      | Noticed Ijyb
  3050 | D:5      | Killed Ijyb
  3292 | D:5      | Reached XP level 8. HP: 65/69 MP: 7/7
  3825 | D:6      | Reached skill level 1 in Stealth
  3868 | D:6      | Reached skill level 8 in Axes
  4430 | D:7      | Reached skill level 9 in Axes
  4541 | D:7      | Noticed a gargoyle
  4548 | D:7      | Killed a gargoyle
  4549 | D:7      | Reached skill level 10 in Axes
  4549 | D:7      | Reached XP level 9. HP: 75/78 MP: 8/8
  4555 | D:7      | Found a staircase to the Ecumenical Temple.
  4693 | Temple   | Entered the Ecumenical Temple
  5419 | D:8      | Reached skill level 11 in Axes
  5732 | D:8      | Found a broken altar of Ashenzari.
  5753 | D:8      | Reached skill level 5 in Dodging
  5911 | D:8      | Reached XP level 10. HP: 24/88 MP: 9/9
  6073 | D:8      | Killed a centaur warrior
  6273 | D:8      | Found a shimmering altar of Xom.
  6653 | D:9      | Found a staircase to the Lair.
  6655 | D:9      | Noticed a two-headed ogre
  6659 | D:9      | Reached skill level 12 in Axes
  6666 | D:9      | Killed a two-headed ogre
  6676 | D:9      | Gained mutation: You are somewhat resistant to further
                  | mutation. [potion of mutation]
  6945 | D:9      | Found a flagged portal.
  6956 | Bailey   | Entered a bailey
  7020 | Bailey   | Reached skill level 13 in Axes
  7786 | Bailey   | Identified the staff of air "Rezab" {rElec rF- rN+ rCorr
                  | Str+3 Int+2}
  8267 | D:9      | Found a transporter.
  8269 | D:9      | Found a transporter.
  8273 | D:9      | Found a transporter.
  8366 | D:9      | Found a transporter.
  8675 | D:10     | Entered Level 10 of the Dungeon
  8687 | D:10     | Reached XP level 11. HP: 96/97 MP: 10/10
  9068 | D:10     | Identified the +6 dagger "Kimipnir" {drain, Fragile rF+
                  | rCorr SInv}
  9102 | D:10     | Reached skill level 14 in Axes
  9343 | D:10     | Found an ornate altar of the Wu Jian Council.
  9343 | D:10     | Found a blossoming altar of Fedhas.
  9679 | D:11     | Found a staircase to the Orcish Mines.
 10155 | D:11     | Reached skill level 1 in Evocations
 10203 | D:11     | Reached skill level 10 in Fighting
 10206 | D:11     | Reached skill level 15 in Axes
 10272 | D:11     | Noticed a two-headed ogre
 10281 | D:11     | Killed a two-headed ogre
 10589 | D:11     | Reached XP level 12. HP: 92/106 MP: 12/12
 10646 | D:11     | Reached skill level 1 in Spellcasting
 11078 | Lair:1   | Entered Level 1 of the Lair of Beasts
 11123 | Lair:1   | Reached skill level 10 in Armour
 11236 | Lair:1   | Found a frozen archway.
 11249 | IceCv    | Entered an ice cave
 12030 | IceCv    | Noticed a reaper
 12036 | IceCv    | HP: 3/108 [ice devil (7)]
 12036 | IceCv    | Slain by an ice devil

Illustrated notes

Levels and vault maps discovered:
D:1:      dpeg_cavernosity, layout_basic, hangedman_feature_mirror
D:2:      layout_rooms, basic_altar, st_stairs_8, uniq_jessica
D:3:      kennysheep_the_goblin_king, layout_rooms
D:4:      layout_basic, minmay_fractal_squares_5, uniq_eustachio
D:5:      layout_basic, small_statue_intersection, uniq_ijyb
D:6:      layout_rooms, minmay_checkerbox
D:7:      cheibrodos_steamvent, layout_rooms, temple_fountains, st_stairs_3,
          minmay_misc_feat_four_crosses, kennysheep_windowed_goal
D:8:      layout_cave_pods, xom_confusion_cloud, ashenzari_altar_1,
          hangedman_decor_opposing
D:9:      layout_loops_cross, erik_lair_orcish_takeover, enter_bailey_2,
          minivault_25_ag, fungi_pond_lemuel, nicolae_transporter_circle
D:10:     layout_cave_pools, minitemple
D:11:     layout_loops_ring, zombieorc1_lemuel, kennysheep_generic_room_12
Temple:   mainiacjoe_temple_coin_purse
Lair:1:   layout_roguey, portal_ice_cave_entry_ice_simulacra,
          serial_bayou_shore_b, infiniplex_staircase_pool, serial_bayou_shore_a,
          uniq_maggie
IceCv:    ice_cave_small_demon

Skill      XL: |  1  2  3  4  5  6  7  8  9 10 11 12 |
---------------+-------------------------------------+-----
Armour         | 4 5 6 7 8 9 10 | 10.4
Fighting       | 4 5 6 7 9 10 | 10.6
Shields        | 4 5 6 7 8 |  8.4
Axes           | 3 4 5 6 7 10 11 13 15 | 15.9
Dodging        | 1 3 4 5 7 |  7.2
Throwing       | 1 2 3 4 |  4.0
Stealth        | 1 |  1.0
Evocations     | 1 |  1.9
Spellcasting   | 1 |  1.4

Action                     |  1- 3 |  4- 6 |  7- 9 | 10-12 || total
---------------------------+-------+-------+-------+-------++-------
  Melee: War axe           |    91 |   124 |    27 |       ||   242
         Headbutt          |     6 |    13 |    33 |    70 ||   122
         Battleaxe         |       |       |   177 |   389 ||   566
  Throw: Boomerang         |       |    23 |    40 |    76 ||   139
         Dart              |       |       |       |    23 ||    23
  Evoke: Wand              |       |       |       |     8 ||     8
         Piece from Xom's  |       |       |       |     2 ||     2
    Use: Potion            |       |       |       |    12 ||    12
         Scroll            |       |       |       |    11 ||    11
 Armour: Scale mail        |    60 |    55 |    10 |       ||   125
         Plate armour      |       |       |   122 |   219 ||   341
  Dodge: Dodged            |    53 |    67 |   123 |   214 ||   457
  Block: Buckler           |    25 |    32 |     6 |       ||    63

Table legend: (Time is in decaauts)
 A = Elapsed time spent in this place.
 B = Non-inter-level travel time spent in this place.
 C = Inter-level travel time spent in this place.
 D = Time resting spent in this place.
 E = Time spent auto-exploring this place.
 F = Levels seen in this place.
 G = Mean time per level.
                   A        B        C        D        E       F      G
               +--------+--------+--------+--------+--------+-----+--------+
         Total |  12181 |  11712 |    469 |      3 |   9140 |  15 |  812.1 |
       Dungeon |  10145 |   9713 |    432 |      3 |   7541 |  11 |  922.3 |
        Temple |    116 |     98 |     18 |      0 |     82 |   1 |  116.0 |
          Lair |    169 |    150 |     19 |      0 |     74 |   1 |  169.0 |
        Bailey |    967 |    967 |      0 |      0 |    787 |   1 |  967.0 |
      Ice Cave |    781 |    781 |      0 |      0 |    656 |   1 |  781.0 |
               +--------+--------+--------+--------+--------+-----+--------+

Top non-repeatable levels by time:
    D:11: 1380 daAuts
     D:9: 1221 daAuts
     D:8: 1133 daAuts
    D:10: 1005 daAuts
  Bailey: 967 daAuts
     D:4: 964 daAuts
     D:5: 909 daAuts
     D:7: 887 daAuts
     D:1: 882 daAuts
   IceCv: 781 daAuts
     D:6: 616 daAuts
     D:3: 591 daAuts
     D:2: 553 daAuts
  Lair:1: 169 daAuts
  Temple: 116 daAuts
